 Dungeon Crawl Stone Soup version 0.29-a0-321-gf1c400731a (webtiles) character file.

Game seed: 16695463201949427671

14 sammy202020 the Skirmisher (level 2, -1/33 HPs)
             Began as an Ogre Monk on Apr 4, 2022.
             Slain by a quokka (3 damage)
             ... on level 1 of the Dungeon.
             The game lasted 00:00:38 (410 turns).

sammy202020 the Skirmisher (Ogre Monk)               Turns: 410, Time: 00:00:38

Health: -1/33      AC:  3    Str: 14    XL:     2   Next: 45%
Magic:  2/2        EV: 10    Int: 11    God:
Gold:   0          SH:  0    Dex: 11    Spells: 1/1 levels left

rFire   . . .      SeeInvis .   a - +0 mace
rCold   . . .      Faith    .   (no shield)
rNeg    . . .      Spirit   .   b - +0 robe
rPois   .          Reflect  .   (helmet restricted)
rElec   .          Harm     .   (no cloak)
rCorr   .          Rampage  .   (gloves unavailable)
Will    .....                   (boots unavailable)
Stlth   ++........              (no amulet)
HPRegen 0.11/turn               (no ring)
MPRegen 0.08/turn               (no ring)

@: no status effects
A: large, unfitting armour, tough skin 1
a: no special abilities


You were on level 1 of the Dungeon.
You visited 1 branch of the dungeon, and saw 1 of its levels.

Inventory:

Hand Weapons
 a - a +0 mace (weapon)
Armour
 b - a +0 robe (worn)
Scrolls
 e - a scroll of immolation {unknown}
 f - a scroll of magic mapping {unknown}
Potions
 c - a potion of ambrosia
 d - a potion of attraction {unknown}


   Skills:
 * Level 4.4 Fighting
 * Level 3.0 Maces & Flails
 + Level 2.8 Dodging
 - Level 1.4 Stealth


You had one spell level left.
You didn't know any spells.
Your spell library was empty.

Dungeon Overview and Level Annotations

Branches:
Dungeon (1/15)

Altars:


Innate Abilities, Weirdness & Mutations

You are too large for most types of armour.
You have tough skin. (AC +1)


Message History

You are too injured to fight recklessly!
You are too injured to fight recklessly!
You are too injured to fight recklessly!
You are too injured to fight recklessly!
You are too injured to fight recklessly!
You are too injured to fight recklessly!
You are too injured to fight recklessly!
You are too injured to fight recklessly!
You are too injured to fight recklessly!
You are too injured to fight recklessly!
You are too injured to fight recklessly!
You are too injured to fight recklessly!
Unknown command.
Sorry, you're not good enough to have a special ability.
You closely miss the kobold. The quokka barely misses you.
The ball python bites you but does no damage.
The quokka bites you.
The quokka bites you but does no damage.
The ball python closely misses you. The kobold misses you.
The quokka closely misses you.
The ball python bites you but does no damage.
The quokka misses you. The kobold attacks as you move away!
The kobold completely misses you. The ball python closely misses you.
The kobold barely misses you. The quokka bites you.
The ball python bites you but does no damage.
The kobold attacks as you move away! The kobold hits you with a +0 dagger.
The quokka bites you.
* * * LOW HITPOINT WARNING * * *
The quokka bites you.
* * * LOW HITPOINT WARNING * * *
The kobold hits you with a +0 dagger.
* * * LOW HITPOINT WARNING * * *
The quokka bites you.
* * * LOW HITPOINT WARNING * * *
The quokka attacks as you move away! The quokka completely misses you.
The kobold attacks as you move away! The kobold closely misses you.
The kobold attacks as you move away! The kobold barely misses you.
The quokka bites you.
You die...

#......# .. #.## #...... #..#
#...... #.# ##.#
##########..... ##.####.#
......(........ ........#
.............# ##.###..#
.............# #.# #..#
.$..........r##########.# #...
...........Sr@.......##.# #.#.
......).....K#######.##.###.#.
.......)...[.# #.##.....##
.............# #..........
.............# ###########
............$# .............#
.............# .#########.###


You could see 2 quokkas, a ball python and a kobold.

Vanquished Creatures
  A gnoll (D:1)
  A giant cockroach (D:1)
  2 goblins (D:1)
  A ball python (D:1)
5 creatures vanquished.

Notes
Turn   | Place    | Note
-------+----------+-------------------------------------------
     0 | D:1      | sammy202020 the Ogre Monk began the quest for the Orb.
     0 | D:1      | Reached XP level 1. HP: 24/24 MP: 1/1
   121 | D:1      | Reached XP level 2. HP: 8/33 MP: 2/2
   410 | D:1      | Slain by a quokka

Illustrated notes

Levels and vault maps discovered:
D:1:      lemuel_arrival_broad_hall, layout_basic, minmay_misc_feat_hallway,
          minivault_26

Skill      XL: |  1  2 |
---------------+-------+-----
Maces & Flails | 3 |  3.0
Fighting       | |  4.4
Dodging        | |  2.8
Stealth        | |  1.4

Action                   || total
-------------------------++-------
Melee: Mace              ||    21
Armor: Robe              ||    19
Dodge: Dodged            ||    34

Table legend: (Time is in decaauts)
 A = Elapsed time spent in this place.
 B = Non-inter-level travel time spent in this place.
 C = Inter-level travel time spent in this place.
 D = Time resting spent in this place.
 E = Time spent auto-exploring this place.
 F = Levels seen in this place.
 G = Mean time per level.
                   A        B        C        D        E       F      G
               +--------+--------+--------+--------+--------+-----+--------+
         Total |    415 |    415 |      0 |      0 |    347 |   1 |  415.0 |
       Dungeon |    415 |    415 |      0 |      0 |    347 |   1 |  415.0 |
               +--------+--------+--------+--------+--------+-----+--------+

Top non-repeatable levels by time:
     D:1: 415 daAuts
